 Dungeon Crawl Stone Soup version 0.32-a0-898-g7811c86cf0 (webtiles) character file.

Game seed: 5932355553557412572

219 Griffin23 the Shield-Bearer (level 5, -2/53 HPs)
             Began as a Troll Fighter on Apr 4, 2024.
             Slain by Sigmund
             ... wielding a +0 scythe
              (13 damage)
             ... on level 4 of the Dungeon.
             The game lasted 00:05:24 (2199 turns).

Griffin23 the Shield-Bearer (Troll Fighter)         Turns: 2199, Time: 00:05:24

Health: -2/53      AC:  1    Str: 26    XL:     5   Next: 64%
Magic:  4/4        EV:  8    Int:  4    God:
Gold:   84         SH:  7    Dex:  9    Spells: 4/4 levels left

rFire   . . .        a - +0 long sword
rCold   . . .        c - +0 kite shield
rNeg    . . .        k - +5 robe "Jofoiraw" {^Contam Rampage +Blink rElec}
rPois   .            (helmet restricted)
rElec   +            (no cloak)
rCorr   .            (gloves unavailable)
SInv    .            (boots unavailable)
Will    +....        (no amulet)
Stlth   +            m - ring of willpower
HPRegen 1.08/turn    (no ring)
MPRegen 0.09/turn

%: rampage
@: corroded
A: large, unfitting armour, claws 3, regeneration 1, shaggy fur 1, tough skin 1
a: Evoke Blink


You were on level 4 of the Dungeon.
You visited 1 branch of the dungeon, and saw 4 of its levels.

You collected 162 gold pieces.
You spent 78 gold pieces at shops.

Inventory:

Hand Weapons
 a - a +0 long sword (weapon)
Armour
 b - a +0 robe
 c - a +0 kite shield (worn)
 k - the +5 robe "Jofoiraw" (worn) {^Contam Rampage +Blink rElec}
   (You found it on level 2 of the Dungeon)

   rElec:     It insulates you from electricity.
   +Blink:    It lets you blink.
   ^Contam:   It causes magical contamination when unequipped.
   Rampage:   It bestows one free step when moving towards enemies.
Jewellery
 m - a ring of willpower (left claw)
Scrolls
 e - 2 scrolls of noise {unknown}
 f - a scroll of silence {unknown}
 h - 3 scrolls of identify {unknown}
 i - a scroll of amnesia {unknown}
 l - a scroll of vulnerability {unknown}
Potions
 d - 2 potions of might
 g - 3 potions of mutation {unknown}
 j - 2 potions of curing
 n - a potion of degeneration {unknown}


   Skills:
 + Level 3.2 Fighting
 * Level 3.1 Long Blades
 + Level 1.2 Armour
 - Level 2.8 Dodging
 + Level 3.5 Shields


You had 4 spell levels left.
You didn't know any spells.
Your spell library contained the following spells:

 Spells                   Type           Power      Damage    Failure   Level
 Ensorcelled Hibernation  Hex/Ice        0%         N/A       87%         2
 Mercury Vapours          Alch/Air       0%         N/A       87%         2
 Fugue of the Fallen      Necr           0%         N/A       98%         3
 Mephitic Cloud           Conj/Alch/Air  0%         N/A       98%         3
 Ozocubu's Armour         Ice            0%         N/A       98%         3
 Anguish                  Hex/Necr       0%         N/A       100%        4
 Ignite Poison            Fire/Alch      0%         N/A       100%        4
 Sticky Flame             Fire/Alch      0%         2d4       100%        4
 Freezing Cloud           Conj/Ice/Air   0%         6-21      100%        5
 Manifold Assault         Tloc           0%         N/A       100%        7
 Ignition                 Fire           0%         3d3       100%        8


Dungeon Overview and Level Annotations

Branches:
Dungeon (4/15)
 Temple: D:4-7

Altars:
Fedhas
Hepliaklqana
Qazlal
Sif Muna
Trog

Shops:
D:2 ?![((

Annotations:
D:4 Sigmund


Innate Abilities, Weirdness & Mutations

You are too large for most types of armour.
You have claws for hands.
Your natural rate of healing is unusually fast.
You are covered in fur. (AC +1)
You have tough skin. (AC +1)


Message History

The jelly is lightly wounded.
The adder bites you but does no damage. The goblin hits you but does no damage.
You block the jelly's attack. The adder closely misses you.
The goblin closely misses you. The jelly closely misses you.
You hit the jelly. The acid corrodes you!
Your claws burn!
The jelly is moderately wounded.
The adder bites you. Something hits you.
* * * LOW HITPOINT WARNING * * *
The goblin hits you but does no damage. The jelly hits you.
* * * LOW HITPOINT WARNING * * *
You are splashed with acid!
* * * LOW HITPOINT WARNING * * *
The adder bites you.
* * * LOW HITPOINT WARNING * * *
You are lethally poisoned!
The adder poisons you!
You feel better. Something hits you but does no damage.
The adder barely misses you. You block the goblin's attack.
You block the jelly's attack.
You feel better. The adder bites you. You block the goblin's attack.
The jelly jiggles.
The jelly hits you but does no damage. Something hits you.
You hit the jelly.
Your claws burn!
* * * LOW HITPOINT WARNING * * *
The jelly is moderately wounded.
You block the adder's attack. The goblin hits you but does no damage.
You block the jelly's attack. The adder bites you but does no damage.
Something completely misses you.
You slash the jelly! The acid corrodes you!
Your claws burn!
* * * LOW HITPOINT WARNING * * *
The jelly is severely wounded.
The adder barely misses you. You block the goblin's attack.
The jelly barely misses you. The adder bites you.
* * * LOW HITPOINT WARNING * * *
You block the goblin's attack.
You hit the jelly but do no damage.
Your claws burn!
* * * LOW HITPOINT WARNING * * *
The jelly is severely wounded.
You block the jelly's attack. Something hits you!
You die...

......... .........
........#
........## >.
.........#####..
................
.............#
.......@g{...# ..
.......JS....# ....
............##.....
...................
...................
.........#>........
##.......#.........
###...#...#....##.
.....#...#......


You could see a jelly, an adder and a goblin.

Vanquished Creatures
  2 orc priests (D:3)
  Terence (D:2)
  An orc wizard (D:3)
  4 adders
  5 dart slugs
  6 orcs
  3 ball pythons
  2 endoplasms (D:1)
  2 giant cockroaches
  3 goblins
  3 hobgoblins
  4 jackals (D:3)
  6 kobolds
  3 quokkas
  4 bats
  11 rats
60 creatures vanquished.

Notes
Turn   | Place    | Note
-------+----------+-------------------------------------------
     0 | D:1      | Griffin23 the Troll Fighter began the quest for the Orb.
     0 | D:1      | Reached XP level 1. HP: 22/22 MP: 0/0
    95 | D:1      | Reached XP level 2. HP: 29/29 MP: 1/1
   685 | D:2      | Reached XP level 3. HP: 36/36 MP: 2/2
   750 | D:2      | Identified the +5 robe "Jofoiraw" {^Contam Rampage +Blink
                  | rElec}
   805 | D:2      | Found Hakh's Distillery.
   811 | D:2      | Bought 2 potions of curing for 78 gold pieces
   816 | D:2      | Found Wupiqoes's Weapon Shoppe.
   861 | D:2      | Found Boytel's Antique Weapon Shop.
   982 | D:2      | Found a faded altar of an unknown god.
  1039 | D:2      | Found Ganodom's Armour Emporium.
  1040 | D:2      | Noticed Terence
  1061 | D:2      | Killed Terence
  1062 | D:2      | Reached XP level 4. HP: 44/44 MP: 3/3
  1314 | D:2      | Found Wuras's Magic Scroll Shoppe.
  1497 | D:3      | Found a hazy altar of Hepliaklqana.
  1516 | D:3      | Found a stormy altar of Qazlal.
  1517 | D:3      | Found a shimmering blue altar of Sif Muna.
  1709 | D:3      | Reached XP level 5. HP: 43/53 MP: 4/4
  1841 | D:2      | Reached skill level 1 in Armour
  1949 | D:3      | Found a blossoming altar of Fedhas.
  1949 | D:3      | Found a bloodstained altar of Trog.
  2163 | D:4      | Noticed Sigmund
  2194 | D:4      | HP: 1/53 [adder (2)]
  2199 | D:4      | Slain by Sigmund

Illustrated notes

Levels and vault maps discovered:
D:1:      psy_arrival_fountain, layout_loops_ring
D:2:      layout_basic, shapermc_ecumenical_altar_ellora, serial_shops, shop,
          nicolae_shop_industrial_runoff, shop, shop_statue,
          nicolae_diamond_shop, serial_park_tiny_pond, uniq_terence
D:3:      layout_basic, nicolae_overflow_hidden_temple
D:4:      layout_cave_pools, ebering_ghost_sewer_d, nicolae_ossuary_entry_giza,
          uniq_sigmund, uniq_natasha

Skill      XL: |  1  2  3  4  5 |
---------------+----------------+-----
Long Blades    | 2 3 |  3.1
Shields        | 3 |  3.5
Fighting       | 3 |  3.2
Armour         | 1 |  1.2
Dodging        | |  2.8

Action                     |  1- 3 |  4- 6 || total
---------------------------+-------+-------++-------
  Melee: Long sword        |   127 |   122 ||   249
Ability: Evoke Blink       |       |     1 ||     1
    Use: Potion            |       |     3 ||     3
 Armour: Robe              |    89 |   225 ||   314
  Dodge: Dodged            |    40 |    84 ||   124
  Block: Kite shield       |    56 |    94 ||   150

Table legend: (Time is in decaauts)
 A = Elapsed time spent in this place.
 B = Non-inter-level travel time spent in this place.
 C = Inter-level travel time spent in this place.
 D = Time resting spent in this place.
 E = Time spent auto-exploring this place.
 F = Levels seen in this place.
 G = Mean time per level.
                   A        B        C        D        E       F      G
               +--------+--------+--------+--------+--------+-----+--------+
         Total |   2302 |   2174 |    128 |     11 |   1534 |   4 |  575.5 |
       Dungeon |   2302 |   2174 |    128 |     11 |   1534 |   4 |  575.5 |
               +--------+--------+--------+--------+--------+-----+--------+

Top non-repeatable levels by time:
     D:2: 949 daAuts
     D:1: 661 daAuts
     D:3: 650 daAuts
     D:4: 41 daAuts
